 Dungeon Crawl Stone Soup version 0.30.0-18-gc0e69614cb (webtiles) character file.

Game seed: 16893264365502989626

507749 Du3lingdragon the Slayer (level 23, -11/204 HPs)
             Began as a Demonspawn Reaver on May 25, 2023.
             Was the Champion of Qazlal.
             Mangled by Mennas
             ... wielding a +3 trishula of holy wrath
              (19 damage)
             ... on level 4 of the Vaults on May 26, 2023.
             The game lasted 03:45:04 (65333 turns).

Du3lingdragon the Slayer (Demonspawn Reaver)       Turns: 65333, Time: 03:45:05

Health: -11/204    AC: 48    Str: 26 (27) XL:     23   Next: 87%
Magic:  37/37      EV: 17    Int: 16 (19) God:    Qazlal [******]
Gold:   5744       SH: 13    Dex: 19      Spells: 33/34 levels left

rFire   + + +        C - +7 battleaxe of Impatience {heavy, rPois rC+++ Str-2 Int+4}
rCold   + + +        (shield currently unavailable)
rNeg    + . .        q - +11 plate armour of Kykaokoas {rPois Str+3}
rPois   +            X - +2 helmet of the Saviour {Str+5 Slay+2 Stlth-}
rElec   .            w - +1 cloak "Ruaracoc" {Will+}
rCorr   .            (gloves unavailable)
SInv    .            u - +2 pair of boots of Light {rF++ Dex+3 Stlth+}
Will    ++++.        O - amulet of reflection Stlth
                     m - ring of Yesterday {rPois rN+ Int+2 Slay+2}
HPRegen 0.54/turn    P - ring "Ysodu" {rF++ Will+ Int-2 Slay+3}
MPRegen 0.25/turn

%: repel missiles, reflection
@: protected from physical damage, glowing, studying 3 skills, silenced, very
slow
A: claws 3, molten scales 3, demonic guardian 3, demonic magic 3, demonic
willpower, agile 1, cold resistance 1, deterioration 2, fire resistance 1,
shaggy fur 1, subdued magic 1, MP-powered wands
}: 3/15 runes: barnacled, slimy, gossamer
a: Renounce Religion


You were on level 4 of the Vaults.
You worshipped Qazlal.
Qazlal was exalted by your worship.
You visited 11 branches of the dungeon, and saw 48 of its levels.
You visited the Abyss 1 time.
You visited 1 ziggurat, and saw 4 of its levels.
You also visited: Trove, Ossuary, Volcano and Desolation.

You collected 9036 gold pieces.
You spent 3292 gold pieces at shops.

Inventory:

Hand Weapons
 i - a +0 antimagic halberd
 k - a +2 hand crossbow of flaming
 v - a +7 bardiche of flaming
 C - the +7 battleaxe of Impatience (weapon) {heavy, rPois rC+++ Str-2 Int+4}
   (You found it on level 3 of the Spider Nest)

   Str:       It affects your strength (-2).
   Int:       It affects your intelligence (+4).
   rC:        It renders you almost immune to cold.
   rPois:     It protects you from poison.
Armour
 q - the +11 plate armour of Kykaokoas (worn) {rPois Str+3}
   (You found it on level 2 of the Dungeon)

   Str:       It affects your strength (+3).
   rPois:     It protects you from poison.
 u - the +2 pair of boots of Light (worn) {rF++ Dex+3 Stlth+}
   (You acquired it on level 2 of a ziggurat)

   Dex:       It affects your dexterity (+3).
   rF:        It greatly protects you from fire.
   Stlth:     It makes you more stealthy.
 w - the +1 cloak "Ruaracoc" (worn) {Will+}
   (You found it on level 4 of the Dungeon)

   Will:      It increases your willpower.
 J - a +2 pair of boots
 X - the +2 helmet of the Saviour (worn) {Str+5 Slay+2 Stlth-}
   (You found it on level 5 of the Lair of Beasts)

   Str:       It affects your strength (+5).
   Slay:      It affects your accuracy & damage with ranged weapons and melee
   (+2).
   Stlth:     It makes you less stealthy.
 Z - a +2 pair of gloves of infusion
Jewellery
 l - a +5 ring of evasion
 m - the ring of Yesterday (left claw) {rPois rN+ Int+2 Slay+2}
   (You found it in the Desolation of Salt)

   [ring of positive energy]

   Int:       It affects your intelligence (+2).
   Slay:      It affects your accuracy & damage with ranged weapons and melee
   (+2).
   rPois:     It protects you from poison.
   rN:        It protects you from negative energy.
 p - the ring "Yprutas" {*Corrode Str+6 Dex+3 Stlth+}
   (You found it on level 14 of the Dungeon)

   [ring of strength]

   Str:       It affects your strength (+6).
   Dex:       It affects your dexterity (+3).
   *Corrode:  It may corrode you when you take damage.
   Stlth:     It makes you more stealthy.
 A - a +4 ring of protection
 G - a ring of protection from cold
 H - the amulet of Beluapiu {Acrobat +Blink rF++ rCorr Stlth-}
   (You found it in the Desolation of Salt)

   [amulet of the acrobat]

   It increases your evasion while moving and waiting.
   rF:        It greatly protects you from fire.
   +Blink:    It lets you blink.
   rCorr:     It protects you from acid and corrosion.
   Stlth:     It makes you less stealthy.
 O - an amulet of reflection (around neck)
 P - the ring "Ysodu" (right claw) {rF++ Will+ Int-2 Slay+3}
   (You found it in a treasure trove)

   [ring of willpower]

   Int:       It affects your intelligence (-2).
   Slay:      It affects your accuracy & damage with ranged weapons and melee
   (+3).
   rF:        It greatly protects you from fire.
   Will:      It increases your willpower.
 S - the ring "Jutu" {Will+ Dex+6}
   (You found it on level 14 of the Dungeon)

   [ring of dexterity]

   Dex:       It affects your dexterity (+6).
   Will:      It increases your willpower.
 T - the brooch of Shielding {Spirit SH+8}
   (You found it in a treasure trove)

   [amulet of guardian spirit]

   It causes incoming damage to be divided between your reserves of health and
   magic.
   SH:        It affects your SH (+8).
Wands
 j - a wand of charming (39)
 s - a wand of roots (37)
 y - a wand of mindburst (49)
 B - a wand of digging (14)
 I - a wand of flame (120)
Scrolls
 b - 2 scrolls of butterflies
 c - 9 scrolls of immolation
 e - 8 scrolls of amnesia
 g - 2 scrolls of teleportation
 n - a scroll of acquirement
 t - 2 scrolls of brand weapon
 K - 6 scrolls of fog
 M - 4 scrolls of vulnerability
 N - 6 scrolls of enchant armour
 R - 3 scrolls of poison
 W - 3 scrolls of fear
Potions
 a - 6 potions of mutation
 d - 3 potions of resistance
 f - a potion of magic
 h - 2 potions of brilliance
 r - 6 potions of berserk rage
 x - 24 potions of curing
 z - 12 potions of cancellation
 D - 5 potions of invisibility
 F - 5 potions of haste
 L - 12 potions of heal wounds
 Q - 7 potions of lignification
 U - 6 potions of flight
 V - 7 potions of ambrosia
 Y - a potion of might
Miscellaneous
 o - a lightning rod (4/4)
 E - a condenser vane


   Skills:
 + Level 22.3 Fighting
 + Level 14.9(16.9) Axes
 - Level 13.3(16.1) Polearms
 + Level 19.6 Armour
 - Level 15.3 Dodging
 - Level 6.0 Spellcasting
 - Level 6.0 Conjurations
 - Level 6.0 Necromancy
 - Level 21.3 Invocations


You had 33 spell levels left.
You knew the following spells:

 Your Spells              Type           Power      Damage    Failure   Level
a - Kiss of Death         Conj/Necr      72%        2d10      4%          1

Your spell library contained the following spells:

 Spells                   Type           Power      Damage    Failure   Level
 Magic Dart               Conj           72%        1d6       4%          1
 Necrotise                Necr           72%        1d7       4%          1
 Vampiric Draining        Necr           18%        2d7       14%         3
 Foxfire                  Conj/Fire      44%        2x1d6     17%         1
 Shock                    Conj/Air       44%        1d5       17%         1
 Momentum Strike          Conj/Tloc      22%        3d8       26%         2
 Dispel Undead            Necr           18%        3d11      45%         4
 Dazzling Flash           Conj/Hex       22%        N/A       47%         3
 Hailstorm                Conj/Ice       11%        3d5       47%         3
 Stone Arrow              Conj/Erth      22%        3d8       47%         3
 Beastly Appendage        Tmut           6%         N/A       52%         1
 Sandblast                Erth           6%         2d5       52%         1
 Slow                     Hex            12%        N/A       52%         1
 Mephitic Cloud           Conj/Pois/Air  8%         N/A       61%         3
 Call Imp                 Summ           6%         N/A       67%         2
 Ensorcelled Hibernation  Hex/Ice        6%         N/A       67%         2
 Passwall                 Tmut/Erth      2%         N/A       67%         2
 Poisonous Vapours        Pois/Air       6%         N/A       67%         2
 Wereblood                Tmut           3%         N/A       67%         2
 Agony                    Necr           18%        N/A       82%         5
 Anguish                  Hex/Necr       5%         N/A       87%         4
 Flame Wave               Conj/Fire      11%        2d6       87%         4
 Iskenderun's Mystic Bla  Conj/Tloc      11%        2d4       87%         4
 Sticky Flame             Conj/Fire      11%        2d3       87%         4
 Call Canine Familiar     Summ           3%         N/A       88%         3
 Confusing Touch          Hex            3%         N/A       88%         3
 Frozen Ramparts          Ice            6%         1d1       88%         3
 Gell's Gravitas          Tloc           3%         N/A       88%         3
 Inner Flame              Hex/Fire       3%         N/A       88%         3
 Ozocubu's Armour         Ice            3%         N/A       88%         3
 Spider Form              Tmut/Pois      3%         N/A       88%         3
 Swiftness                Air            3%         N/A       88%         3
 Teleport Other           Tloc           3%         N/A       88%         3
 Volatile Blastmotes      Fire/Tloc      6%         2d10      88%         3
 Airstrike                Air            1%         2d(1-17)  99%         4
 Animate Armour           Summ/Erth      6%         N/A       99%         4
 Cause Fear               Hex            1%         N/A       99%         4
 Ice Form                 Ice/Tmut       3%         N/A       99%         4
 Leda's Liquefaction      Hex/Erth       1%         N/A       99%         4
 Passage of Golubria      Tloc           3%         N/A       99%         4
 Petrify                  Tmut/Erth      3%         N/A       99%         4
 Summon Ice Beast         Ice/Summ       3%         N/A       99%         4
 Summon Lightning Spire   Summ/Air       3%         N/A       99%         4
 Borgnjor's Vile Clutch   Necr/Erth      5%         N/A       99%         5
 Irradiate                Conj/Tmut      5%         3d13      99%         5
 Alistair's Intoxication  Tmut/Pois      2%         N/A       100%        5
 Blade Hands              Tmut           1%         N/A       100%        5
 Freezing Cloud           Conj/Ice/Air   4%         6-21      100%        5
 Lee's Rapid Deconstruct  Erth           1%         3d4*      100%        5
 Metabolic Englaciation   Hex/Ice        1%         N/A       100%        5
 Silence                  Hex/Air        1%         N/A       100%        5
 Summon Forest            Summ/Tloc      1%         N/A       100%        5
 Summon Mana Viper        Hex/Summ       3%         N/A       100%        5
 Dispersal                Tloc           1%         N/A       100%        6
 Eringya's Noxious Bog    Tmut/Pois      1%         N/A       100%        6
 Iron Shot                Conj/Erth      5%         9d2       100%        6
 Simulacrum               Ice/Necr       5%         N/A       100%        6
 Starburst                Conj/Fire      5%         6d4       100%        6
 Statue Form              Tmut/Erth      2%         N/A       100%        6
 Dragon Form              Tmut           1%         N/A       100%        7
 Haunt                    Necr/Summ      5%         N/A       100%        7
 Monstrous Menagerie      Summ           1%         N/A       100%        7
 Ozocubu's Refrigeration  Ice            1%         4d7       100%        7
 Storm Form               Tmut/Air       1%         N/A       100%        7
 Lehudib's Crystal Spear  Conj/Erth      5%         10d3      100%        8
 Maxwell's Capacitive Co  Air            1%         ∞         100%        8
 Summon Horrible Things   Summ           1%         N/A       100%        8
 Dragon's Call            Summ           1%         N/A       100%        9
 Fire Storm               Conj/Fire      5%         8d2       100%        9
 Polar Vortex             Ice            1%         N/A       100%        9


Dungeon Overview and Level Annotations

Branches:
Dungeon (15/15)            Temple (1/1) D:4            Lair (5/5) D:9
 Shoals (4/4) Lair:3       Spider (4/4) Lair:3        Slime (5/5) Lair:4
    Orc (2/2) D:9             Elf (3/3) Orc:2        Vaults (4/5) D:14
  Crypt (0/3) Vaults:3     Depths (4/4) D:15            Zot (1/5) Depths:4
Ossuary (visited)         Volcano (visited)         Desolation (visited)

Altars:
Ashenzari
Cheibriados
Dithmenos
Fedhas
Gozag
Hepliaklqana
Kikubaaqudgha
Makhleb
Nemelex Xobeh
Okawaru
Qazlal
Ru
Sif Muna
Trog
Uskayaw
Vehumet
Wu Jian
Xom
Yredelemnul
Jiyva

Shops:
D:5 (   D:6 !   D:7 ?![(:   D:12 =   Orc:2 *:=?   Elf:1 (?=*   Elf:3 =
Shoals:1 *([(=   Shoals:2 *   Vaults:1 [   Vaults:3 *   Depths:1 *=::*
Depths:3 *

Portals:
Hell: Depths:1 Depths:2 Depths:3 Depths:4
Abyss: Depths:3
Pandemonium: Depths:2

Annotations:
Vaults:4 Mennas
Depths:3 3 runed translucent doors, exclusion: obsidian statue, Whoops's ghost, adept FoFi


Innate Abilities, Weirdness & Mutations

You have claws for hands.
You are completely covered in molten scales. (AC +4, rF+)
A powerful demonic guardian rushes to your aid.
Spells you cast and wands you use may paralyse nearby enemies.
You punish those that try to bend your will. (Will+)
You are agile. (Dex +4, Str/Int -1)
Your flesh is cold resistant. (rC+)
Your body often deteriorates upon taking damage.
Your flesh is heat resistant. (rF+)
You are covered in fur. (AC +1)
Your spells are a little easier to cast, but a little less powerful.
You expend magic power (3 MP) to strengthen your wands.


Message History

Some shallow water.
This square is lit by a halo.
Okay, then.
You slash the ironbound convoker!
The ironbound convoker is severely wounded.
Mennas hits you from afar with a +3 trishula of holy wrath!!!
Your body deteriorates!
You feel dopey.
You convulse!!!
Your body deteriorates!
You feel dopey.
A demonic guardian appears!
Mennas hits you from afar with a +3 trishula of holy wrath!
* * * LOW HITPOINT WARNING * * *
You convulse!
* * * LOW HITPOINT WARNING * * *
Mennas gestures frantically.
Mennas's surroundings become eerily quiet.
You feel much better.
The ironbound convoker's chant is interrupted.
Mennas hits you from afar with a +3 trishula of holy wrath!
* * * LOW HITPOINT WARNING * * *
You feel protected from physical attacks.
You convulse.
* * * LOW HITPOINT WARNING * * *
Mennas completely misses you.
You block the ironbound convoker's attack.
You cut the ironbound convoker into ribbons!!!!
You kill the ironbound convoker!
Qazlal accepts your kill.
Mennas hits you from afar with a +3 trishula of holy wrath!!
* * * LOW HITPOINT WARNING * * *
You feel more protected from physical attacks.
You convulse.
* * * LOW HITPOINT WARNING * * *
You block Mennas's attack. Mennas hits you but does no damage.
Mennas hits you from afar with a +3 trishula of holy wrath!!
* * * LOW HITPOINT WARNING * * *
Your body deteriorates!
You feel dopey.
You feel more protected from physical attacks.
You convulse!!
You die...

################ ###
................ ..
............... .^
.............########
.............#.(....#
.............#.A○.○.
.............#.#)'#
.............# #@2#
.............###☼§#
.............#.#''#.#
.............'......#
.............#......#
.............########
.............#
..............
..............


You could see Mennas (strong, silencing, ally target) and a friendly hell beast
(summoned).

Vanquished Creatures
  the Royal Jelly (Slime:5)
  Dissolution (Slime:2)
  An ancient lich (Depths:2)
  Sojobo (Depths:4)
  Bai Suzhen (Shoals:4)
  Margery (Vaults:2)
  Frederick (Vaults:2)
  3 golden dragons
  A bone dragon (Depths:4)
  Zenata (Elf:2)
  A walking crystal tome (Depths:2)
  2 tentacled monstrosities
  A walking earthen tome (Depths:3)
  A walking divine tome (Depths:4)
  3 titans
  2 deep elf master archers (Elf:3)
  Polyphemus (Shoals:3)
  3 deep elf blademasters
  2 quicksilver dragons (Depths:3)
  12 acid blobs
  6 sphinxes
  3 shadow dragons
  A tentacled starspawn (Zig:4)
  Kirke (Lair:4)
  2 krakens
  4 tengu reavers
  A draconian monk (Depths:4)
  A storm dragon (Depths:4)
  Donald (Orc:2)
  3 fire giants
  8 rockslimes
  12 azure jellies
  3 imperial myrmidons (Desolation)
  6 deep elf sorcerers
  5 spectral caustic shrikes (Depths:4)
  5 frost giants
  An iron dragon (shapeshifter) (Depths:2)
  4 ghost moths
  3 iron dragons
  5 emperor scorpions
  7 vault wardens
  10 ironbound preservers
  2 orc warlords
  25 very ugly things
  3 deep elf elementalists
  A war gargoyle (Vaults:4)
  A broodmother (Spider:4)
  A cacodemon (Depths:2)
  A quicksilver ooze (Lair:4)
  A draconian annihilator (Depths:4)
  2 spriggan defenders (Depths:2)
  Nessos (Orc:2)
  3 reapers
  14 stone giants
  A quicksilver ooze (shapeshifter) (D:14)
  6 ironbound thunderhulks
  A black draconian (Depths:4)
  A yellow draconian (Depths:4)
  3 vampire knights
  10 spark wasps
  A purple draconian (Depths:4)
  7 deep elf demonologists
  2 halazid warlocks (Desolation)
  3 deep elf annihilators
  A red draconian (Depths:4)
  The ghost of Wociock the Destroyer, a journeyman DgHW (D:14)
  A bunyip (Zig:3)
  12 dire elephants
  A white draconian (Depths:4)
  6 deep elf death magi
  5 merfolk javelineers
  A mummy priest (Zig:2)
  4 ettins
  Josephine (D:11)
  3 deep elf high priests
  9 ragged hierophants (Desolation)
  A blizzard demon (D:14)
  6 merfolk impalers
  3 entropy weavers
  6 fire dragons
  2 jiangshi (Depths:2)
  5 yaktaur captains
  4 crystal guardians
  7 hydras
  10 great orbs of eyes
  10 servants of whispers (Desolation)
  A vault guard (Vaults:1)
  A ghost crab (Zig:3)
  3 merfolk avatars
  4 ogre magi
  A radroach (Spider:1)
  8 spriggan air magi
  7 boulder beetles
  15 peacekeepers
  8 ice dragons
  4 catoblepae
  10 ironbound frosthearts
  An alligator snapping turtle (Shoals:4)
  7 centaur warriors
  5 satyrs
  29 dancing weapons
  2 death knights (Vaults:3)
  3 jorogumos
  5 merfolk aquamancers
  17 death yaks
  21 two-headed ogres
  6 tengu warriors
  4 deep troll shamans (Depths:1)
  A thrashing horror (Abyss:3)
  3 deep troll earth magi (Depths:3)
  2 vampire magi
  A shock serpent (Zig:1)
  4 spriggan berserkers
  An orc high priest (Elf:2)
  16 hell knights
  Sonja (D:13)
  13 deep elf knights
  A storm dragon zombie (Depths:2)
  6 wretched stars
  A soul eater (Depths:2)
  4 skysharks
  4 iron trolls
  6 pharaoh ants
  A shadow wraith (Vaults:3)
  A sixfirhy (Abyss:3)
  6 skeletal warriors
  A storm dragon skeleton (Depths:2)
  A spriggan druid (Zig:3)
  5 sea snakes
  2 flayed ghosts
  5 orb spiders
  17 ironbound convokers
  8 lindwurms
  32 deep trolls
  4 glowing orange brains
  13 wizards
  Pikel (D:7)
  6 bog bodies (Shoals:3)
  2 necromancers
  23 harpies
  4 anaconda skeletons (Volcano)
  10 deep elf archers
  3 steelbarb worms
  14 orc knights
  23 deep elf zephyrmancers
  36 deep elf pyromancers
  35 ugly things
  A mana viper (Depths:1)
  7 fauns
  17 wolf spiders
  A faun (shapeshifter) (Depths:3)
  2 orc sorcerers
  A worldbinder (Abyss:3)
  20 manticores
  4 moths of wrath
  4 shining eyes
  2 cyclopes
  8 merfolk sirens
  8 vault sentinels
  4 guardian serpents (Desolation)
  3 water nymphs
  A fire giant skeleton (Depths:2)
  Joseph (D:15)
  2 orange demons (Abyss:3)
  4 torpor snails
  2 rust devils (Depths:2)
  5 black mambas
  5 cane toads
  Maurice (D:8)
  5 gargoyles (Volcano)
  3 demonic crawlers (Spider:4)
  4 centaur skeletons (D:14)
  A kobold demonologist (D:11)
  3 unseen horrors
  3 rime drakes
  An elf zombie (Vaults:3)
  An efreet (D:14)
  4 tengu conjurers
  4 ice devils
  20 yaktaurs
  31 merfolk
  12 komodo dragons
  A silent spectre (Abyss:2)
  A wolf spider simulacrum (D:14)
  11 meliai
  A red devil (Depths:2)
  22 tarantellas
  7 wind drakes
  9 hornets
  A polar bear (Lair:5)
  3 raiju (Abyss:3)
  4 trolls
  A hellwing (Depths:2)
  14 blink frogs
  A harpy skeleton (Volcano)
  80 saltlings (Desolation)
  3 dream sheep (Lair:3)
  6 snapping turtles
  6 air elementals
  84 slime creatures
  2 vampires (D:13)
  A ynoxinul (Depths:2)
  16 culicivoras
  3 flying skulls (Volcano)
  2 large abominations (Abyss:3)
  An ettin skeleton (Zig:2)
  19 jumping spiders
  A shadow (D:11)
  3 spriggans
  Sigmund (D:2)
  6 wraiths
  2 wyverns
  5 centaur simulacra (D:14)
  An alligator skeleton (Volcano)
  57 yaks
  3 fire elementals
  3 golden eyes (Slime:5)
  3 hogs
  A human (Lair:4)
  11 water elementals
  20 vampire mosquitoes
  7 basilisks
  A neqoxec (Abyss:3)
  2 chaos spawn (Depths:2)
  A redback simulacrum (D:14)
  42 redbacks
  An ogre zombie (Vaults:3)
  3 wargs
  14 water moccasins
  Duvessa (D:7)
  A floating eye (Depths:2)
  3 ice beasts
  An entropy weaver zombie (Vaults:3)
  A glowing shapeshifter skeleton (Vaults:3)
  27 orc warriors
  A black bear (shapeshifter) (D:15)
  A meliai simulacrum (D:14)
  2 sky beasts
  3 black bears
  9 wolves
  3 boggarts (D:15)
  8 centaurs
  24 ogres
  2 small abominations (Abyss:3)
  A phantom (D:4)
  A kobold brigand (D:9)
  3 gnoll sergeants
  11 scorpions
  16 bullfrogs
  4 earth elementals
  4 wights (D:8)
  Dowan (D:7)
  8 killer bees (D:9)
  3 troll skeletons (Volcano)
  3 howler monkeys
  8 electric eels
  A jelly (D:5)
  2 human zombies (Ossuary)
  17 orc priests
  Crazy Yiuf (D:3)
  5 hounds
  8 starcursed masses (Abyss:3)
  2 gnoll boudas
  2 iguanas (D:5)
  5 sleepcaps
  2 scorpion zombies (Ossuary)
  18 orc wizards
  Ijyb (D:5)
  A naga skeleton (Volcano)
  6 mummies
  23 gnolls
  6 adders
  3 shadow imps
  An ufetubus (D:7)
  A worm (D:4)
  A dart slug (D:5)
  44 orcs
  7 ball pythons
  4 endoplasms
  A giant cockroach (D:3)
  5 goblins
  3 hobgoblins
  2 quokkas (D:1)
  7 bats
  5 frilled lizards
  2 gnoll zombies (Ossuary)
  A goblin zombie (Ossuary)
  2 hobgoblin zombies (Ossuary)
  14 kobolds
  4 orc zombies (Ossuary)
  3 rats
  3 spectral weapons
  3 tentacles (Shoals:4)
1848 creatures vanquished.

Vanquished Creatures (collateral kills)
  A walking divine tome (Depths:2)
  2 acid blobs
  A deep elf sorcerer (Elf:3)
  A stone giant (Depths:1)
  A deep elf elementalist (Elf:3)
  3 very ugly things
  2 spark wasps (Spider:4)
  3 deep elf annihilators (Elf:3)
  2 merfolk javelineers (Shoals:4)
  A merfolk impaler (Shoals:4)
  2 servants of whispers (Desolation)
  A merfolk avatar (Shoals:4)
  An alligator snapping turtle (Shoals:3)
  3 dancing weapons
  A merfolk aquamancer (Shoals:4)
  2 boulder beetles (D:12)
  A naga warrior (Depths:1)
  A spriggan berserker (Depths:2)
  A hell knight (Vaults:2)
  A skeletal warrior (Volcano)
  A lindwurm (Vaults:1)
  A deep elf archer (Elf:2)
  A harpy (Shoals:1)
  A necromancer (Depths:2)
  An ugly thing (D:14)
  A wolf spider (Spider:4)
  A slime creature (Slime:3)
  2 merfolk (Shoals:4)
  A meliai (Spider:3)
  A large abomination (Abyss:3)
  A culicivora (Spider:4)
  A water elemental (Depths:2)
  A yak (D:8)
  A redback (Spider:4)
  A floating eye (Depths:2)
  A glowing shapeshifter skeleton (Depths:2)
  2 ogres (Orc:2)
  A troll skeleton (Volcano)
  A kobold (D:1)
  A bat (D:1)
  A goblin (D:1)
54 creatures vanquished.

Vanquished Creatures (others)
  A fire giant (D:14)
  A yellow draconian (Depths:4)
  A two-headed ogre (Orc:2)
  A deep elf knight (Elf:2)
  An orange crystal statue (Vaults:1)
  A yaktaur (Vaults:3)
  An orc wizard (D:7)
  12 spectral weapons
  4 starspawn tentacles (Abyss:3)
  5 tentacles
28 creatures vanquished.

Grand Total: 1930 creatures vanquished

Notes
Turn   | Place    | Note
-------+----------+-------------------------------------------
     0 | D:1      | Du3lingdragon the Demonspawn Reaver began the quest for the
                  | Orb.
     0 | D:1      | Reached XP level 1. HP: 16/16 MP: 3/3
   210 | D:1      | Gained mutation: A weak demonic guardian rushes to your
                  | aid. [demonic ancestry]
   210 | D:1      | Reached XP level 2. HP: 22/22 MP: 5/5
   896 | D:2      | Gained mutation: You are partially covered in molten
                  | scales. (AC +2) [demonic ancestry]
   896 | D:2      | Reached XP level 3. HP: 28/28 MP: 6/6
   900 | D:2      | Identified the +11 plate armour of Kykaokoas {rPois Str+3}
   954 | D:2      | Reached skill level 1 in Armour
  1058 | D:2      | Noticed Sigmund
  1119 | D:2      | Killed Sigmund
  1120 | D:2      | Reached skill level 3 in Fighting
  1120 | D:2      | Reached XP level 4. HP: 17/35 MP: 7/7
  1120 | D:2      | Gained mutation: Spells you cast may paralyse adjacent
                  | enemies. [demonic ancestry]
  1120 | D:2      | Reached XP level 5. HP: 20/41 MP: 8/8
  1350 | D:2      | Found a basalt altar of Yredelemnul.
  1567 | D:3      | Found an ornate altar of the Wu Jian Council.
  1752 | D:3      | You fall into a shaft and drop 1 floor!
  2058 | D:4      | Noticed a black bear
  2067 | D:4      | Gained mutation: You are mostly covered in molten scales.
                  | (AC +3) [demonic ancestry]
  2067 | D:4      | Reached XP level 6. HP: 48/48 MP: 9/9
  2076 | D:4      | Reached skill level 4 in Fighting
  2180 | D:4      | Found a staircase to the Ecumenical Temple.
  2182 | D:4      | Identified the +1 cloak "Ruaracoc" {Will+}
  2210 | Temple   | Entered the Ecumenical Temple
  2273 | Temple   | Became a worshipper of Qazlal Stormbringer
  2308 | D:4      | Reached XP level 7. HP: 50/55 MP: 10/10
  2444 | D:4      | Found a runed translucent door.
  2445 | D:4      | Noticed Crazy Yiuf
  2742 | D:3      | Killed Crazy Yiuf
  2749 | D:3      | Reached skill level 5 in Fighting
  2749 | D:3      | Reached skill level 5 in Polearms
  3037 | D:4      | Found a sacrificial altar of Ru.
  3037 | D:4      | Found an iron altar of Okawaru.
  3182 | D:5      | Entered Level 5 of the Dungeon
  3182 | D:5      | Noticed Ijyb
  3185 | D:5      | Killed Ijyb
  3189 | D:5      | Found a sand-covered staircase.
  3194 | Ossuary  | Entered an ossuary
  3276 | Ossuary  | Reached XP level 8. HP: 63/63 MP: 11/11
  3384 | Ossuary  | Reached skill level 6 in Fighting
  3384 | Ossuary  | Reached skill level 5 in Armour
  3389 | Ossuary  | Reached * piety under Qazlal
  4152 | D:5      | Found Dasises's Antique Weapon Shoppe.
  4212 | D:5      | Reached skill level 7 in Fighting
  4212 | D:5      | Gained mutation: You have sharp fingernails. [demonic
                  | ancestry]
  4212 | D:5      | Reached XP level 9. HP: 72/72 MP: 12/12
  4415 | D:6      | Found a broken altar of Ashenzari.
  4751 | D:6      | Found Ugaodon's Distillery.
  4765 | D:6      | Reached ** piety under Qazlal
  5221 | D:7      | Noticed Pikel
  5225 | D:7      | Found Bosmad's Book Shop.
  5258 | D:7      | Killed Pikel
  5259 | D:7      | Reached skill level 8 in Fighting
  5456 | D:7      | Found Xaotz's Weapon Emporium.
  5489 | D:7      | Noticed a two-headed ogre
  5535 | D:7      | Noticed Duvessa
  5542 | D:7      | Noticed Dowan
  5548 | D:7      | Killed Duvessa
  5555 | D:7      | Killed a two-headed ogre
  5556 | D:7      | Gained mutation: You are completely covered in molten
                  | scales. (AC +4, rF+) [demonic ancestry]
  5556 | D:7      | Reached XP level 10. HP: 58/82 MP: 13/13
  5559 | D:7      | Killed Dowan
  5641 | D:7      | Found Ogyhigh's Magic Scroll Shoppe.
  5642 | D:7      | Found Bythrab's Distillery.
  5881 | D:7      | Found Aploeq's Antique Armour Boutique.
  5886 | D:7      | Bought a pair of runed boots for 217 gold pieces
  6093 | D:8      | Reached skill level 9 in Fighting
  6486 | D:8      | Reached *** piety under Qazlal
  6592 | D:8      | Noticed a two-headed ogre
  6593 | D:8      | Noticed Maurice
  6604 | D:9      | Killed a two-headed ogre
  6701 | D:8      | Killed Maurice
  7457 | D:9      | Reached skill level 1 in Invocations
  7681 | D:9      | Reached XP level 11. HP: 90/90 MP: 15/15
  7753 | D:9      | Found a staircase to the Orcish Mines.
  7817 | D:9      | Found a staircase to the Lair.
  7856 | D:9      | Reached skill level 10 in Fighting
  8304 | Lair:1   | Entered Level 1 of the Lair of Beasts
  8305 | Lair:1   | Noticed a death yak
  8307 | Lair:1   | Noticed a death yak
  8309 | Lair:1   | Noticed a death yak
  8346 | D:9      | Killed a death yak
  8346 | D:9      | Reached **** piety under Qazlal
  8351 | D:9      | Killed a death yak
  8352 | D:9      | Reached skill level 5 in Invocations
  8436 | Lair:1   | Noticed a death yak
  8465 | D:9      | Killed a death yak
  8629 | D:9      | Killed a death yak
  8837 | Lair:1   | Reached skill level 5 in Dodging
  8978 | Lair:1   | Gained mutation: Spells you cast may paralyse nearby
                  | enemies. [demonic ancestry]
  8978 | Lair:1   | Reached XP level 12. HP: 99/99 MP: 18/18
  9859 | Lair:2   | Reached skill level 11 in Fighting
  9989 | Lair:2   | Reached skill level 10 in Armour
 10903 | Lair:3   | Reached skill level 10 in Invocations
 11094 | Lair:3   | Found a staircase to the Shoals.
 11159 | Lair:3   | Noticed a seven-headed hydra
 11250 | Orc:1    | Entered Level 1 of the Orcish Mines
 11264 | D:9      | Reached ***** piety under Qazlal
 12362 | D:10     | Entered Level 10 of the Dungeon
 13290 | D:11     | Reached XP level 13. HP: 80/107 MP: 21/21
 13642 | D:11     | Noticed Josephine
 13654 | D:11     | Reached skill level 12 in Fighting
 13658 | D:11     | Killed Josephine
 14811 | D:12     | Found Larayzix's Jewellery Emporium.
 15462 | D:13     | Noticed Sonja
 15482 | D:13     | Killed Sonja
 16724 | Lair:3   | Reached skill level 13 in Fighting
 17020 | Lair:3   | Reached XP level 14. HP: 87/118 MP: 23/23
 17169 | Lair:3   | Found a hole to the Spider Nest.
 17702 | Lair:4   | Noticed Kirke
 17723 | Lair:4   | Killed Kirke
 17751 | Lair:4   | Found a dark tunnel.
 17758 | Volcano  | Entered a volcano
 17830 | Volcano  | Reached skill level 1 in Necromancy
 18147 | Volcano  | Reached ****** piety under Qazlal
 18961 | Lair:4   | Found a viscous altar of Jiyva.
 18962 | Lair:4   | Found a staircase to the Slime Pits.
 19577 | Lair:5   | Entered Level 5 of the Lair of Beasts
 19996 | Lair:5   | Identified the +2 helmet of the Saviour {Str+5 Slay+2
                  | Stlth-}
 20940 | Lair:5   | Identified a scroll of acquirement
 20940 | Lair:5   | Acquired 1282 gold pieces
 21104 | Orc:2    | Entered Level 2 of the Orcish Mines
 21104 | Orc:2    | Noticed Donald
 21113 | Orc:2    | Killed Donald
 21623 | Orc:2    | Reached skill level 10 in Dodging
 21627 | Orc:2    | Reached XP level 15. HP: 79/125 MP: 25/25
 21712 | D:7      | Bought a scroll of immolation for 60 gold pieces
 21712 | D:7      | Bought a scroll of immolation for 60 gold pieces
 21822 | Orc:1    | Reached skill level 14 in Fighting
 21899 | Orc:2    | Paralysed by something for 3 turns
 22340 | Orc:2    | Noticed Nessos
 22346 | Orc:2    | Killed Nessos
 22507 | Orc:2    | Found a staircase to the Elven Halls.
 22703 | Orc:2    | Found Ekeol's Magic Scroll Boutique.
 22703 | Orc:2    | Found Gemov's Book Shoppe.
 22704 | Orc:2    | Found Zoffeasu's Jewellery Shoppe.
 22704 | Orc:2    | Found Buraq's General Store.
 22711 | Orc:2    | Bought a scroll of magic mapping for 105 gold pieces
 23158 | D:14     | Noticed Wociock's ghost (journeyman DgHW)
 23308 | D:14     | Reached skill level 15 in Invocations
 23316 | D:14     | Noticed a fire giant
 23330 | D:14     | Reached skill level 5 in Necromancy
 23331 | D:14     | Killed a fire giant
 23622 | D:14     | Reached skill level 5 in Conjurations
 23654 | D:14     | Reached skill level 5 in Spellcasting
 23657 | D:14     | Reached skill level 10 in Polearms
 23905 | D:14     | Identified the staff of air "Botosho" {Fragile rElec rN++
                  | Str+5}
 23906 | D:14     | Identified the ring "Yprutas" {*Corrode Str+6 Dex+3 Stlth+}
 23911 | D:14     | Identified the +5 sling of Egomania {speed, Fly Str+2}
 24103 | D:14     | Found a runed translucent gate.
 24103 | D:14     | Found a runed translucent gate.
 24103 | D:14     | Found a runed translucent gate.
 24354 | D:14     | Found a gate to the Vaults.
 24481 | D:15     | Entered Level 15 of the Dungeon
 24481 | D:15     | Noticed Joseph
 24670 | D:15     | Killed Joseph
 25486 | Spider:1 | Entered Level 1 of the Spider Nest
 26276 | Spider:1 | Gained mutation: A demonic guardian rushes to your aid.
                  | [demonic ancestry]
 26276 | Spider:1 | Reached XP level 16. HP: 99/134 MP: 27/27
 28017 | D:6      | Bought a potion of heal wounds for 50 gold pieces
 28017 | D:6      | Bought a potion of flight for 30 gold pieces
 28017 | D:6      | Bought a potion of flight for 30 gold pieces
 28017 | D:6      | Bought a potion of berserk rage for 50 gold pieces
 28089 | D:7      | Bought a potion of heal wounds for 70 gold pieces
 28089 | D:7      | Bought a potion of ambrosia for 112 gold pieces
 28089 | D:7      | Bought a potion of mutation for 112 gold pieces
 28089 | D:7      | Bought a potion of curing for 42 gold pieces
 28089 | D:7      | Bought a potion of haste for 140 gold pieces
 28089 | D:7      | Bought a potion of haste for 140 gold pieces
 28089 | D:7      | Bought a potion of curing for 42 gold pieces
 28089 | D:7      | Bought a potion of lignification for 42 gold pieces
 28172 | Orc:2    | Bought a potion of heal wounds for 65 gold pieces
 28172 | Orc:2    | Bought a potion of might for 52 gold pieces
 28174 | Orc:2    | Bought a scroll of teleportation for 42 gold pieces
 28174 | Orc:2    | Bought a scroll of blinking for 105 gold pieces
 28174 | Orc:2    | Bought a scroll of fear for 56 gold pieces
 28192 | Elf:1    | Entered Level 1 of the Elven Halls
 28268 | Elf:1    | Reached skill level 15 in Fighting
 28414 | Elf:1    | Paralysed by an air elemental for 1 turns
 28583 | Elf:1    | Found Fizuc's General Store.
 28583 | Elf:1    | Found Causomos's Antique Weapon Boutique.
 28585 | Elf:1    | Found Hocish's Magic Scroll Boutique.
 28586 | Elf:1    | Found Ticaoblu's Jewellery Shop.
 28594 | Elf:1    | Bought a +0 pair of gloves of infusion for 149 gold pieces
 28594 | Elf:1    | Bought a potion of berserk rage for 65 gold pieces
 28594 | Elf:1    | Bought a potion of ambrosia for 104 gold pieces
 28605 | Elf:1    | Bought a scroll of poison for 60 gold pieces
 28605 | Elf:1    | Bought a scroll of fear for 60 gold pieces
 28605 | Elf:1    | Bought a scroll of poison for 60 gold pieces
 28605 | Elf:1    | Bought a scroll of immolation for 60 gold pieces
 29371 | Elf:1    | Got Mara's Compendium of Sidekicks
 29477 | Elf:1    | Paralysed by an air elemental for 1 turns
 29601 | Elf:1    | Paralysed by an air elemental for 1 turns
 29668 | Elf:2    | Paralysed by an air elemental for 1 turns
 30049 | Elf:2    | Paralysed by an air elemental for 1 turns
 30626 | Elf:2    | Found a runed translucent gate.
 30626 | Elf:2    | Found a runed translucent gate.
 30639 | Elf:2    | Found a runed translucent gate.
 30690 | Elf:2    | Gained mutation: A powerful demonic guardian rushes to your
                  | aid. [demonic ancestry]
 30690 | Elf:2    | Reached XP level 17. HP: 94/144 MP: 20/28
 30848 | Elf:2    | Noticed a deep elf blademaster
 30853 | Elf:2    | Killed a deep elf blademaster
 30854 | Elf:2    | Reached skill level 16 in Fighting
 31243 | Elf:2    | Noticed Zenata
 31263 | Elf:2    | Killed Zenata
 31836 | Elf:3    | Entered Level 3 of the Elven Halls
 31939 | Elf:3    | Found Goloenav's Jewellery Shop.
 32196 | Elf:3    | Acquired 913 gold pieces
 32278 | Elf:3    | Reached skill level 15 in Armour
 32285 | Elf:3    | Found a portal to a secret trove of treasure.
 32521 | Elf:3    | Noticed a deep elf blademaster
 32536 | Elf:3    | Killed a deep elf blademaster
 32634 | Elf:3    | Noticed a deep elf blademaster
 32641 | Elf:3    | Noticed a deep elf master archer
 32644 | Elf:3    | Killed a deep elf blademaster
 32647 | Elf:3    | Noticed a deep elf master archer
 33013 | Elf:3    | Killed a deep elf master archer
 33280 | Abyss:2  | Cast into level 2 of the Abyss (a deep elf sorcerer)
 33318 | Abyss:2  | Found a candlelit altar of Ignis.
 33346 | Abyss:2  | Found a corrupted altar of Lugonu.
 33436 | Abyss:3  | Paralysed by accursed screaming for 1 turns
 33476 | Abyss:3  | Noticed a lich
 33604 | Abyss:3  | Gained mutation: Your magical capacity is extremely low.
                  | (-30% MP) [a cacodemon]
 33643 | Abyss:3  | Found a burning altar of Makhleb.
 33669 | Abyss:3  | Found a corrupted altar of Lugonu.
 33671 | Elf:3    | Escaped the Abyss
 33672 | Elf:3    | Identified the +1 demon blade "Deubb" {freeze, rC+ Will++
                  | rCorr}
 33673 | Elf:3    | Noticed a Hell Sentinel
 33926 | Spider:3 | Found the +4 robe of Augmentation {Str+4 Int+4 Dex+4}
 34462 | Spider:3 | Lost mutation: Your magical capacity is low. (-10% MP)
                  | [potion of mutation]
 34462 | Spider:3 | Gained mutation: You are covered in fur. (AC +1) [potion of
                  | mutation]
 34462 | Spider:3 | Gained mutation: You are robust. (+10% HP) [potion of
                  | mutation]
 34462 | Spider:3 | Gained mutation: You possess an exceptional clarity of
                  | mind. [potion of mutation]
 34517 | Spider:3 | Identified the +7 battleaxe of Impatience {heavy, rPois
                  | rC+++ Str-2 Int+4}
 34611 | Spider:3 | Reached skill level 17 in Fighting
 35150 | Spider:3 | Gained mutation: Spells you cast and wands you use may
                  | paralyse nearby enemies. [demonic ancestry]
 35150 | Spider:3 | Reached XP level 18. HP: 162/169 MP: 21/29
 35592 | Spider:4 | Entered Level 4 of the Spider Nest
 36110 | Spider:4 | Reached skill level 1 in Axes
 37870 | Spider:4 | Got a gossamer rune of Zot
 38161 | Shoals:1 | Entered Level 1 of the Shoals
 38162 | Shoals:1 | Found Oteeche's Armour Shop.
 38172 | Shoals:1 | Found Bodocav's Antique Weapon Emporium.
 38594 | Shoals:1 | Found Sel Pizi's Assorted Antiques.
 38708 | Shoals:1 | Bought a potion of haste for 360 gold pieces
 38810 | Shoals:1 | Found Cetik's Jewellery Shop.
 39106 | Shoals:1 | Found Gazy's Weapon Shoppe.
 39996 | Shoals:2 | Found Umyef's Overcharged Wands.
 41226 | Shoals:4 | Entered Level 4 of the Shoals
 41226 | Shoals:4 | Noticed Polyphemus
 41237 | Shoals:3 | Reached XP level 19. HP: 163/178 MP: 24/31
 41397 | Shoals:3 | Killed Polyphemus
 42323 | Shoals:4 | Reached skill level 18 in Fighting
 42336 | Shoals:4 | Noticed Bai Suzhen
 42942 | Shoals:4 | Got a barnacled rune of Zot
 43045 | Shoals:4 | Killed Bai Suzhen
 43527 | Shoals:4 | Got the Incunable of the Pyre and Transfiguration
 43793 | D:14     | Killed Wociock's ghost
 43804 | D:14     | Identified the ring "Jutu" {Will+ Dex+6}
 44160 | Elf:3    | Reached skill level 5 in Axes
 44281 | Elf:3    | Identified the +2 robe "Godosiv" {SInv}
 44282 | Elf:3    | Noticed a Tzitzimitl
 44286 | Elf:3    | Noticed a Tzitzimitl
 44725 | Elf:3    | Found the +3 giant club "Skullcrusher" {speed, Str+7}
 44730 | Elf:3    | Identified the staff of fire "Rued" {rElec rF+}
 44752 | Elf:3    | Got the Vademecum on Reconstruction and Misery
 44757 | Elf:3    | Identified the +3 dagger "Saheak" {heavy, rElec Dex+2}
 45468 | Slime:1  | Entered Level 1 of the Pits of Slime
 46444 | D:15     | Found a staircase to the Depths.
 46518 | Vaults:1 | Entered Level 1 of the Vaults
 46662 | Vaults:1 | Gained mutation: You have very sharp fingernails. [demonic
                  | ancestry]
 46662 | Vaults:1 | Reached XP level 20. HP: 125/189 MP: 3/33
 47078 | Vaults:1 | You fall into a shaft and drop 1 floor!
 48253 | Vaults:1 | Acquired the +2 cloak of Courage {rF++}
 48404 | Vaults:1 | Reached skill level 19 in Fighting
 48570 | Vaults:1 | Found Ihergh's Armour Shoppe.
 48777 | Vaults:2 | Noticed Frederick
 48794 | Vaults:2 | Killed Frederick
 48835 | Vaults:2 | Identified the +3 falchion of Law {spect, rC- rCorr Str+2
                  | Int+3}
 48871 | Vaults:2 | Noticed Margery
 48882 | Vaults:2 | Killed Margery
 50592 | Vaults:3 | Found a crumbling gateway.
 50596 | Desolati | Entered the Desolation of Salt
 50918 | Desolati | Gained mutation: You punish those that try to bend your
                  | will. (Will+) [demonic ancestry]
 50918 | Desolati | Reached XP level 21. HP: 93/199 MP: 2/34
 51226 | Desolati | Reached skill level 10 in Axes
 51233 | Desolati | Got Tinwaps's Omnibus of Freezing Malevolent Acts
 51236 | Desolati | Identified the ring of Yesterday {rPois rN+ Int+2 Slay+2}
 51284 | Desolati | Identified the +2 spear of the Teaching Gods {flame, Str+3}
 51406 | Desolati | Identified the +5 flail of Karma {flame, rN+ rCorr}
 51448 | Desolati | Identified the +1 flail "Cowur" {freeze, Int-4 Dex+7
                  | Stlth+}
 52223 | Desolati | Identified the amulet of Beluapiu {Acrobat +Blink rF++
                  | rCorr Stlth-}
 52986 | Slime:1  | Gained mutation: You are dopey. (Int -2) [a shining eye]
 52990 | Lair:4   | Gained mutation: You are occasionally teleported next to
                  | monsters. [a shining eye]
 52992 | Lair:4   | Gained mutation: Your spells are a little easier to cast,
                  | but a little less powerful. [a shining eye]
 53123 | Lair:4   | Lost mutation: You are dopey. (Int -2) [potion of mutation]
 53123 | Lair:4   | Lost mutation: You are robust. (+10% HP) [potion of
                  | mutation]
 53123 | Lair:4   | Gained mutation: Armour fits poorly on your strangely
                  | shaped body. [potion of mutation]
 53123 | Lair:4   | Gained mutation: You have a pair of small horns on your
                  | head. [potion of mutation]
 53124 | Lair:4   | Lost mutation: You possess an exceptional clarity of mind.
                  | [potion of mutation]
 53124 | Lair:4   | Lost mutation: You are occasionally teleported next to
                  | monsters. [potion of mutation]
 53124 | Lair:4   | Lost mutation: You have a pair of small horns on your head.
                  | [potion of mutation]
 53124 | Lair:4   | Gained mutation: Your magical capacity is low. (-10% MP)
                  | [potion of mutation]
 53124 | Lair:4   | Gained mutation: Your flesh is cold resistant. (rC+)
                  | [potion of mutation]
 53125 | Lair:4   | Lost mutation: Armour fits poorly on your strangely shaped
                  | body. [potion of mutation]
 53125 | Lair:4   | Lost mutation: Your magical capacity is low. (-10% MP)
                  | [potion of mutation]
 53125 | Lair:4   | Gained mutation: Your body sometimes deteriorates upon
                  | taking damage. [potion of mutation]
 53125 | Lair:4   | Gained mutation: You expend magic power (3 MP) to
                  | strengthen your wands. [potion of mutation]
 53125 | Lair:4   | Gained mutation: You are agile. (Dex +4, Str/Int -1)
                  | [potion of mutation]
 53125 | Lair:4   | Gained mutation: Your flesh is heat resistant. (rF+)
                  | [potion of mutation]
 53390 | Slime:2  | Noticed Dissolution
 53397 | Slime:2  | Killed Dissolution
 53697 | Slime:2  | Reached skill level 15 in Dodging
 53838 | Slime:4  | Reached skill level 20 in Fighting
 53980 | Slime:5  | Entered Level 5 of the Pits of Slime
 54020 | Slime:5  | Noticed the Royal Jelly
 54024 | Slime:5  | Found a viscous altar of Jiyva.
 54039 | Slime:5  | Killed the Royal Jelly
 54527 | Slime:5  | Found the +8 storm bow {elec, penet}
 54548 | Slime:5  | Identified the +11 great sword "Oclikk" {flame, Dex+2}
 54610 | Slime:5  | Identified the staff of conjuration "Laaxuq" {*Slow rElec
                  | Str+7 Dex+3}
 54612 | Slime:5  | Got a slimy rune of Zot
 54742 | Slime:5  | Got the Anthology of Venin and Reformation
 55186 | Elf:3    | You paid a toll of a +6 demon trident to enter a treasure
                  | trove
 55187 | Trove    | Entered a treasure trove
 55198 | Trove    | Identified the ring "Ysodu" {rF++ Will+ Int-2 Slay+3}
 55217 | Trove    | Found the brooch of Shielding {Spirit SH+8}
 55227 | Trove    | Identified the +1 leather armour of Untruth {Will++}
 55247 | Trove    | Identified the +1 kite shield of Omission {rC- Int+3 Dex+6}
 55588 | Depths:1 | Entered Level 1 of the Depths
 55601 | Depths:1 | Found Asinihuyqu's Jewellery Emporium.
 55601 | Depths:1 | Found Iriuj's Book Boutique.
 55619 | Depths:1 | Found Soppiwem's Book Boutique.
 55709 | Depths:1 | Reached XP level 22. HP: 171/190 MP: 32/36
 56639 | Depths:1 | Found a gateway to Hell.
 56741 | Depths:1 | Found Sias's Serpentskin Sales.
 57257 | Depths:1 | Found Timud's Fire Supplies.
 57758 | Depths:2 | Gained mutation: Your body often deteriorates upon taking
                  | damage. [a cacodemon]
 57792 | Depths:2 | Found a one-way gate leading to the halls of Pandemonium.
 57855 | Depths:2 | Noticed an ancient lich
 58443 | Depths:2 | Found a one-way gateway to a ziggurat.
 58457 | Depths:2 | Killed an ancient lich
 58500 | Depths:2 | Noticed a golden dragon
 58509 | Depths:2 | Killed a golden dragon
 58732 | Depths:2 | Paralysed by a floating eye for 4 turns
 58993 | Depths:2 | Paralysed by a floating eye for 3 turns
 59182 | Zig:1    | Entered Level 1 of a ziggurat
 59197 | Zig:2    | Entered Level 2 of a ziggurat
 59210 | Zig:2    | Acquired the +2 pair of boots of Light {rF++ Dex+3 Stlth+}
 59395 | Zig:3    | Entered Level 3 of a ziggurat
 59513 | Zig:4    | Entered Level 4 of a ziggurat
 59517 | Zig:4    | Reached skill level 21 in Fighting
 59632 | Depths:2 | Paralysed by a floating eye for 2 turns
 59785 | Depths:2 | Noticed a golden dragon
 59791 | Depths:2 | Killed a golden dragon
 60059 | Depths:2 | Identified the +9 battleaxe of Awiciez {venom, *Rage rN+
                  | Dex+3}
 60061 | Depths:2 | Identified the +2 chain mail of the Bright Hot Ocelot
                  | {rElec Int+4}
 60488 | Depths:3 | Gained mutation: You have claws for hands. [demonic
                  | ancestry]
 60488 | Depths:3 | Reached XP level 23. HP: 142/200 MP: 23/37
 60647 | Depths:3 | Identified the +0 hat of Gozag's Brutal Revenge {rF+ Str+8
                  | Stlth-}
 61173 | Depths:3 | Found a one-way gate to the infinite horrors of the Abyss.
 61401 | Depths:3 | Found a runed translucent gate.
 61401 | Depths:3 | Found a runed translucent gate.
 61402 | Depths:3 | Found a runed translucent gate.
 61402 | Depths:3 | Found an opulent altar of Gozag.
 61403 | Depths:3 | Noticed Whoops's ghost (adept FoFi)
 61403 | Depths:3 | Noticed a juggernaut
 61405 | Depths:3 | Found Feicrato's Assorted Antiques.
 62106 | Depths:4 | Entered Level 4 of the Depths
 62500 | Depths:4 | Noticed Sojobo
 62514 | Depths:4 | Paralysed by an air elemental for 1 turns
 62520 | Depths:4 | Paralysed by an air elemental for 1 turns
 62943 | Depths:4 | Killed Sojobo
 63395 | Depths:4 | Reached skill level 22 in Fighting
 63412 | Depths:4 | Found a gate to the Realm of Zot.
 63424 | Zot:1    | Entered Level 1 of the Realm of Zot
 63905 | Vaults:3 | Found Qumniq's General Store.
 63917 | Vaults:3 | Bought a potion of brilliance for 80 gold pieces
 63917 | Vaults:3 | Bought a wand of digging (8) for 672 gold pieces
 64586 | Vaults:3 | Found a staircase to the Crypt.
 65318 | Vaults:4 | Identified the +5 tower shield "Ediji" {Will+}
 65318 | Vaults:4 | Noticed Mennas
 65333 | Vaults:4 | HP: 8/204 [Mennas/+3 trishula of holy wrath (23)]
 65333 | Vaults:4 | Mangled by Mennas

Illustrated notes

Levels and vault maps discovered:
D:1:      amcnicky_arrival_wind_blow, layout_rooms, minmay_tromino_i4
D:2:      layout_loops_ring, basic_altar, uniq_sigmund
D:3:      layout_rooms, nicolae_elyvilon_temple_path,
          mainiacjoe_overflow_chevrons, corexii_shack, minmay_curled_crystal
D:4:      layout_rooms, tso_oasis_becter, gammafunk_temple_overflow_elements,
          minmay_temple_entry_arrows, uniq_crazy_yiuf_cottage
D:5:      layout_loops_ring, enter_ossuary_2, serial_shops, shop, uniq_ijyb
D:6:      layout_basic, mainiacjoe_overflow_cross_hatched, serial_bayou_pond_e,
          kennysheep_diamond
D:7:      layout_basic, serial_shops, nicolae_shop_bloodbath_and_beyond,
          nicolae_shop_hallway_plus, nicolae_shop_statue_plus, shop,
          nicolae_shop_trees, kennysheep_minor_cross, uniq_duvessa, uniq_pikel
D:8:      layout_basic, serial_curves, eino_curves_01, eino_curves_02,
          uniq_maurice
D:9:      layout_cave_pods, lair_entry_dummy, orc_0_dummy
D:10:     layout_basic
D:11:     layout_basic, uniq_josephine
D:12:     layout_basic, serial_shops, nicolae_shop_statue_plus,
          nicolae_splish_splash
D:13:     layout_grid_maze, uniq_sonja
D:14:     layout_loops_ring, hangedman_vaults_entry_quadrant_bands,
          chequers_serial_rivers_room_a, gammafunk_ghost_icy,
          minmay_checkered_concentric_circles
D:15:     grunt_enter_depths_hoard, layout_rooms, minmay_misc_feat_ornament,
          fungi_pond_lemuel, minmay_sticks_and_stones
Temple:   nicolae_temple_x_marks_the_god
Lair:1:   layout_small_grid, gauntlet_entry_generic, beast_lair_carwin_4,
          grunt_megastairs_3, lemuel_fruit_tree, serial_bayou_shore_a
Lair:2:   layout_regular_city
Lair:3:   layout_cave_pods, minmay_shoals_entry_beasts,
          nicolae_spider_entry_tight_spaces
Lair:4:   layout_regular_city, dpeg_slime_entry_enclosed,
          nicolae_volcano_entry_two_sided, uniq_kirke
Lair:5:   evilmike_catoblepas_cave, layout_loops_ring
Shoals:1: layout_shoals, serial_shops, shop, shop, shop, shop,
          nicolae_shop_advertising_works [nicolae_subvault_shop_adworks]
Shoals:2: layout_shoals, nicolae_shop_overcharged_wands
Shoals:3: layout_shoals, nicolae_shoals_secluded_bog
Shoals:4: shoals_end_hangedman, layout_shoals, uniq_bai_suzhen, uniq_polyphemus
Spider:1: layout_cave_pods
Spider:2: layout_spider_delve
Spider:3: layout_cave_pods
Spider:4: spider_rune_water, drop_trap
Slime:1:  layout_caves
Slime:2:  layout_caves, dissolution_awaits
Slime:3:  layout_caves
Slime:4:  layout_caves
Slime:5
Orc:1:    layout_caves
Orc:2:    st_orc_ogre_mass, layout_caves, uniq_donald, uniq_nessos
Elf:1:    eino_elf_arrival_the_gate, layout_geoelf_grid, minmay_elf_sorcery,
          minmay_misc_feat_alley, minmay_shoptagon
Elf:2:    nicolae_elf_blades_splatter_lattice
          [nicolae_blade_entry_crossed_weapons], layout_geoelf_grid,
          special_room [special_room_orc], uniq_zenata
Elf:3:    elf_hall, layout_gridlike, nicolae_trove_entry_columns, serial_shops,
          nicolae_shop_gaudy_bauble, grunt_megastairs_2
Vaults:1: v_misc_4, hangedman_vaults_variations, nicolae_vaults_meiosis,
          grunt_vaults_swirl, vaults_room_grid, nicolae_vaults_spaceships,
          nicolae_vaults_tangram_1, hangedman_vaults_slither,
          grunt_vaults_focal, nicolae_vaults_trapezoid_2,
          nicolae_vaults_double_plus_2, nicolae_vaults_statue_guard,
          layout_vaults_omnibox, serial_shops, nicolae_shop_trees
Vaults:2: ontoclasm_vaults_shuriken, nicolae_vaults_triangles,
          vaults_room_fancy_cross, nicolae_vaults_trapezoid_3, vaults_dpeg_ring,
          layout_vaults_chaotic_city, serial_glass, uniq_margery, uniq_frederick
Vaults:3: portal_desolation_entry_holy_temple, hangedman_vaults_stitches,
          nicolae_vaults_asterisk, nicolae_vaults_asterisk,
          dpeg_vaults_monster_box, v_misc_11, hangedman_vaults_unwind,
          nicolae_vaults_security_offices_1, grunt_vaults_funnel,
          grunt_vaults_twisty, nicolae_vaults_trapezoid_lopsided_1,
          blue_anna_dwarven_crypt, nicolae_vaults_trapezoid_3,
          layout_vaults_ring, serial_shops, nicolae_shop_window_shopping
Vaults:4: nicolae_vaults_closet_pinwheel_1, nicolae_vaults_oval_intersection,
          grunt_vaults_hallway_short, vaults_room_grid,
          ontoclasm_vaults_decontamination, serial_ice_g,
          nicolae_vaults_ring_of_whatevers, nicolae_vaults_closet_pinwheel_2,
          layout_vaults_omnigrid, uniq_mennas
Depths:1: layout_gridlike, hell_entry, serial_bayou_pond_d,
          nicolae_shop_fire_sale [nicolae_sub_dead_trees], guppyfry_shop_venom,
          minmay_shop_grove, serial_bayou_shore_b, grunt_megastairs_4
Depths:2: minmay_tearing_corner, layout_gridlike, enter_ziggurat_c,
          grunt_pan_entry_spiral, wad_floor_pattern_untrapped, hell_entry
Depths:3: hangedman_arrow_trap, layout_cave_shapes, abyss_entry,
          ebering_ghost_gozag, kennysheep_nondescript, pf_dread_powers_of_hell,
          minmay_crystal_room, kennysheep_underground_church,
          minmay_staircase_windowed_small
Depths:4: grunt_zot_entry_hairpin, layout_basic, pf_hell_entry_tar_river,
          nicolae_gozag_zags_fifth_avenue, uniq_sojobo
Zot:1:    layout_gridlike, st_stairs_4, amethyst_zot_foddershock

Skill      XL: |  1  2  3  4  5  6  7  8  9 10 11 12 13 14 15 16 17 18 19 20 21 22 23 |
---------------+----------------------------------------------------------------------+-----
Dodging        | 2 3 5 7 8 10 11 12 13 14 15 | 15.3
Polearms       | 3 4 5 6 8 9 10 12 13 | 13.3
Armour         | 2 3 4 6 7 8 9 10 11 12 13 14 15 16 17 18 19 | 19.6
Fighting       | 3 4 5 7 8 9 10 11 13 14 15 17 18 19 20 21 22 | 22.3
Spellcasting   | 3 4 5 6 |  6.0
Invocations    | 1 8 10 13 14 15 17 18 19 21 | 21.3
Necromancy     | 4 5 6 |  6.0
Conjurations   | 4 5 6 |  6.0
Axes           | 4 6 9 11 13 14 | 14.9

Action                     |  1- 3 |  4- 6 |  7- 9 | 10-12 | 13-15 | 16-18 | 19-21 | 22-24 || total
---------------------------+-------+-------+-------+-------+-------+-------+-------+-------++-------
  Melee: Spear             |   133 |       |       |       |       |       |       |       ||   133
         Halberd           |       |    67 |       |       |    14 |       |       |       ||    81
         Quarterstaff      |       |    70 |   321 |   705 |   505 |       |       |       ||  1601
         Bardiche          |       |       |       |       |   467 |   688 |       |     3 ||  1158
         Battleaxe         |       |       |       |       |       |   361 |   858 |   706 ||  1925
 Invoke: Upheaval          |       |       |       |     1 |     4 |     4 |     3 |     1 ||    13
         Disaster Area     |       |       |       |       |     1 |     4 |     9 |     4 ||    18
         Elemental Force   |       |       |       |       |       |       |     1 |       ||     1
  Evoke: Wand              |       |       |       |     2 |     1 |       |     2 |     2 ||     7
         Condenser vane    |       |       |       |       |       |       |     2 |       ||     2
    Use: Scroll            |       |       |     8 |    19 |    17 |    17 |    19 |    10 ||    90
         Potion            |       |       |       |     1 |     3 |    10 |    28 |     7 ||    49
   Stab: Distracted        |       |       |       |     2 |     7 |     1 |     3 |       ||    13
         Invisible         |       |       |       |       |       |     6 |    23 |       ||    29
 Armour: Leather armour    |     6 |       |       |       |       |       |       |       ||     6
         Ring mail         |    15 |       |       |       |       |       |       |       ||    15
         Plate armour      |    10 |    83 |   181 |   457 |   590 |   913 |   818 |   635 ||  3687
  Dodge: Dodged            |    67 |    59 |   137 |   444 |   693 |   957 |  1135 |   500 ||  3992
         Repelled          |       |       |       |       |    12 |    18 |    25 |    15 ||    70
  Block: Other             |       |       |    11 |   219 |   728 |   947 |   801 |   522 ||  3228
         Reflection        |       |       |       |     8 |    19 |    48 |    44 |     7 ||   126
